 Dungeon Sprint DCSS version 0.30.1 (webtiles) character file.

Game seed: 12429088823920975979

27418 Groucho the Tortoise (level 13, -9/95 HPs)
             Began as a Gargoyle Gladiator on July 3, 2023.
             Was a High Priest of Cheibriados.
             Killed from afar by Azrael (42 damage)
             ... with damnation
             ... in the Dungeon (Sprint IX: "|||||||||||||||||||||||||||||").
             The game lasted 00:13:12 (5141 turns).

Groucho the Tortoise (Gargoyle Gladiator)           Turns: 5141, Time: 00:13:12

Health: -9/95      AC: 43    Str: 35    XL:     13   Next: 32%
Magic:  7/23       EV: 25    Int: 25    God:    Cheibriados [*****.]
Gold:   1100       SH: 18    Dex: 25    Spells: 25/25 levels left

rFire   . . .        n - +2 morningstar (protect)
rCold   . . .        E - +1 tower shield
rNeg    + . .        p - +0 plate armour
rPois   ∞            A - +2 hat {SInv}
rElec   +            D - +1 cloak
rCorr   .            a - +0 pair of gloves
SInv    +            o - +0 pair of boots
Will    .....        (no amulet) Stlth
                     q - +2 ring of evasion
HPRegen 0.35/turn    C - +5 ring of evasion
MPRegen 0.18/turn

%: no teleportation
@: under a protective aura, very slow
A: sickness immunity, AC +9, negative energy resistance 1, electricity
resistance, torment resistance 1, petrification resistance
a: Renounce Religion, Bend Time, Temporal Distortion, Slouch, Step From Time


You were in the Dungeon.
You worshipped Cheibriados.
Cheibriados was extremely pleased with you.
You visited 1 branch You collected 1932 gold pieces.
You spent 832 gold pieces at shops.

Inventory:

Hand Weapons
 n - a +2 morningstar of protection (weapon)
 r - a +1 great mace
Missiles
 d - 3 throwing nets (quivered)
 e - a javelin
Armour
 a - a +0 pair of gloves (worn)
 b - a +0 leather armour
 o - a +0 pair of boots (worn)
 p - a +0 plate armour (worn)
 y - a +0 cloak
 A - a +2 hat of see invisible (worn)
 D - a +1 cloak (worn)
 E - a +1 tower shield (worn)
Jewellery
 c - a ring of ice
 q - a +2 ring of evasion (left hand)
 B - a ring of willpower
 C - a +5 ring of evasion (right hand)
Wands
 m - a wand of acid (10)
 x - a wand of polymorph (7)
 z - a wand of flame (8)
Scrolls
 k - 5 scrolls of blinking
 l - 2 scrolls of amnesia
 t - 4 scrolls of identify
 u - a scroll of fog
 v - 3 scrolls of fear
 w - 4 scrolls of enchant armour
Potions
 f - 8 potions of curing
 g - a potion of invisibility
 h - 2 potions of haste
 i - 3 potions of magic
 j - a potion of heal wounds
 s - 3 potions of might


   Skills:
 + Level 16.6 Fighting
 + Level 15.5 Maces & Flails
 - Level 1.7 Throwing
 * Level 18.1 Armour
 + Level 14.0 Dodging
 * Level 6.6 Shields
 + Level 6.9 Spellcasting
 + Level 4.9 Conjurations
 + Level 4.5 Fire Magic
 * Level 11.7 Invocations


You had 25 spell levels left.
You didn't know any spells.
Your spell library contained the following spells:

 Spells                   Type           Power      Damage    Failure   Level
 Dazzling Flash           Conj/Hex       40%        N/A       63%         3
 Volatile Blastmotes      Fire/Tloc      40%        2d13      65%         3
 Ozocubu's Armour         Ice            8%         N/A       92%         3
 Iskenderun's Mystic Bla  Conj/Tloc      20%        2d6       95%         4
 Starburst                Conj/Fire      16%        6d6       100%        6
 Ozocubu's Refrigeration  Ice            4%         4d8       100%        7


Dungeon Overview and Level Annotations

Branches:
Dungeon (1/1)

Altars:
Cheibriados
Dithmenos
Elyvilon
Fedhas
Gozag
Hepliaklqana
Kikubaaqudgha
Makhleb
Nemelex Xobeh
Okawaru
Qazlal
Ru
Sif Muna
Trog
Uskayaw
Vehumet
Wu Jian
Xom
Yredelemnul
Zin
The Shining One
Jiyva
Lugonu

Shops:
D *(*:

Annotations:
D Azrael


Innate Abilities, Weirdness & Mutations

You are immune to sickness and miasma.
Your stone body is resilient. (AC +9)
You are immune to poison.
You resist negative energy. (rN+)
You are resistant to electric shocks. (rElec)
You are resistant to unholy torment.
You are immune to petrification.


Message History

Activating: Slouch (1% risk of failure)
Press: ? - help, Dir - look around, f - activate You can feel time thicken for a moment.
You kill the hell hound!
Cheibriados thoroughly appreciates the change of pace.
You kill the hell hound!
Cheibriados thoroughly appreciates the change of pace.
You kill the hell hound!
Cheibriados appreciates the change of pace.
You kill the hell hound!
Cheibriados thoroughly appreciates the change of pace.
You kill the hell hound!
Cheibriados thoroughly appreciates the change of pace.
Unknown command.
Activating: Slouch (1% risk of failure)
Press: ? - help, Dir - look around, f - activate You can feel time thicken for a moment.
Unknown command.
Unknown command.
Unknown command.
Activating: Slouch (1% risk of failure)
Press: ? - help, Dir - look around, f - activate You can feel time thicken for a moment.
Cheibriados lowers the support of your attributes as your movement quickens.
Unknown command.
Unknown command.
You barely miss Azrael.
Azrael is severely wounded.
Azrael gestures at you.
The sphere of damnation explodes!
The damnation engulfs you!!
The damnation engulfs Azrael.
Azrael completely resists.
You barely miss Azrael.
Azrael is severely wounded.
You block Azrael's attack.
You puncture Azrael!
Your weapon exudes an aura of protection.
Azrael is severely wounded.
Azrael gestures at you.
The sphere of damnation explodes!
The damnation engulfs you!!!
You die...

.................................
▓▓▓▓▓▓▓▓▓▓▓▓▓▓▓▓▓▓▓▓▓▓▓▓▓▓▓▓▓▓▓▓▓
...........))))))).......).).))).
▓▓▓▓▓▓▓▓▓▓▓▓▓▓▓▓▓▓▓▓▓▓▓▓▓▓▓▓▓▓▓▓▓
.................................
▓▓▓▓▓▓▓▓▓▓▓▓▓▓▓▓▓▓▓▓▓▓▓▓▓▓▓▓▓▓▓▓▓
.......'..==.)))))).).[.[[[.[[...
▓▓▓▓▓▓▓▓▓▓▓▓▓▓▓▓▓▓▓▓▓▓▓▓▓▓▓▓▓▓▓▓▓
†††°.○R@................
▓▓▓▓▓▓▓▓▓▓▓▓▓▓▓▓▓▓▓▓▓▓▓▓


You could see Azrael.

Vanquished Creatures
  Saint Roka (D)
  Gastronok (D)
  A frost giant (D)
  A stone giant (D)
  A dire elephant (D)
  A spark wasp (D)
  2 ettins (D)
  A centaur warrior (D)
  A boulder beetle (D)
  A two-headed ogre (D)
  A tengu warrior (D)
  An orc high priest (D)
  A vampire mage (D)
  A hell knight (D)
  Sonja (D)
  10 orc knights (D)
  An ugly thing (D)
  A cyclops (D)
  7 elephants (D)
  A gargoyle (D)
  5 komodo dragons (D)
  5 cane toads (D)
  An efreet (D)
  A meliai (D)
  A tarantella (shapeshifter) (D)
  A blink frog (D)
  A wyvern (D)
  2 wraiths (D)
  4 yaks (D)
  A slime creature (D)
  A fire elemental (D)
  A basilisk (D)
  A vampire mosquito (D)
  A water moccasin (D)
  5 hell hounds (D)
  13 orc warriors (D)
  A black bear (D)
  A black bear (shapeshifter) (D)
  An ogre (D)
  2 centaurs (D)
  A bullfrog (D)
  A howler monkey (D)
  5 orc priests (D)
  An iguana (D)
  4 orc wizards (D)
  A dart slug (D)
  9 orcs (D)
  A bat (D)
  2 endoplasms (D)
  A jackal (D)
  A quokka simulacrum (D)
  A rat (D)
113 creatures vanquished.

Vanquished Creatures (others)
  Erolcha (D)
1 creature vanquished.

Grand Total: 114 creatures vanquished

Notes
Turn   | Place    | Note
-------+----------+-------------------------------------------
     0 | D        | Groucho the Gargoyle Gladiator began the quest for the Orb.
     0 | D        | Reached XP level 1. HP: 12/12 MP: 1/1
     9 | D        | Reached skill level 1 in Armour
    14 | D        | Reached XP level 2. HP: 6/19 MP: 2/2
   274 | D        | Noticed a black bear
   274 | D        | Noticed a centaur
   286 | D        | Reached skill level 2 in Armour
   294 | D        | Killed a black bear
   295 | D        | Reached skill level 5 in Fighting
   295 | D        | Reached skill level 5 in Maces & Flails
   295 | D        | Reached skill level 4 in Armour
   295 | D        | Reached XP level 3. HP: 26/26 MP: 3/3
   295 | D        | Reached XP level 4. HP: 31/31 MP: 4/4
   298 | D        | Reached skill level 5 in Armour
   298 | D        | Reached XP level 5. HP: 36/36 MP: 5/5
   301 | D        | Killed a centaur
   302 | D        | Reached skill level 6 in Armour
   302 | D        | Reached skill level 5 in Dodging
   447 | D        | Found a snail-covered altar of Cheibriados.
   447 | D        | Found a shadowy altar of Dithmenos.
   447 | D        | Found a white marble altar of Elyvilon.
   447 | D        | Found a blossoming altar of Fedhas.
   447 | D        | Found an opulent altar of Gozag.
   448 | D        | Found a hazy altar of Hepliaklqana.
   449 | D        | Found a viscous altar of Jiyva.
   450 | D        | Found an ancient bone altar of Kikubaaqudgha.
   451 | D        | Became a worshipper of Cheibriados the Contemplative
   452 | D        | Found a corrupted altar of Lugonu.
   453 | D        | Found a burning altar of Makhleb.
   454 | D        | Found a sparkling altar of Nemelex Xobeh.
   455 | D        | Found an iron altar of Okawaru.
   456 | D        | Found a stormy altar of Qazlal.
   457 | D        | Found a sacrificial altar of Ru.
   458 | D        | Found a shimmering blue altar of Sif Muna.
   459 | D        | Found a bloodstained altar of Trog.
   460 | D        | Found a hide-covered altar of Uskayaw.
   461 | D        | Found a radiant altar of Vehumet.
   462 | D        | Found an ornate altar of the Wu Jian Council.
   463 | D        | Found a shimmering altar of Xom.
   464 | D        | Found a basalt altar of Yredelemnul.
   465 | D        | Found a glowing silver altar of Zin.
   466 | D        | Found a glowing golden altar of the Shining One.
   544 | D        | Noticed a yak
   544 | D        | Noticed a yak
   544 | D        | Noticed a wraith
   544 | D        | Noticed a centaur
   547 | D        | Reached XP level 6. HP: 41/42 MP: 6/6
   549 | D        | Reached * piety under Cheibriados
   558 | D        | Killed a yak
   559 | D        | Reached skill level 7 in Armour
   566 | D        | Killed a yak
   567 | D        | Reached skill level 8 in Armour
   567 | D        | Reached XP level 7. HP: 50/50 MP: 7/7
   577 | D        | Killed a wraith
   577 | D        | Reached ** piety under Cheibriados
   583 | D        | Reached skill level 9 in Armour
   831 | D        | Noticed a gargoyle
   831 | D        | Noticed a cyclops
   831 | D        | Noticed a centaur warrior
   831 | D        | Noticed a vampire mosquito
   831 | D        | Noticed a two-headed ogre
   831 | D        | Noticed a wraith
   837 | D        | Killed a gargoyle
   838 | D        | Reached skill level 10 in Fighting
   838 | D        | Reached XP level 8. HP: 41/57 MP: 8/8
   846 | D        | Killed a cyclops
   846 | D        | Reached *** piety under Cheibriados
   847 | D        | Reached skill level 10 in Maces & Flails
   847 | D        | Reached skill level 10 in Armour
   862 | D        | Killed a centaur warrior
   863 | D        | Reached skill level 11 in Armour
   863 | D        | Reached XP level 9. HP: 39/64 MP: 9/9
   864 | D        | Reached **** piety under Cheibriados
   869 | D        | Killed a two-headed ogre
   870 | D        | Reached skill level 12 in Armour
  1767 | D        | Noticed a cane toad
  1767 | D        | Noticed a cane toad
  1767 | D        | Noticed a cane toad
  1767 | D        | Noticed a komodo dragon
  1769 | D        | Noticed a komodo dragon
  1772 | D        | Reached ***** piety under Cheibriados
  1777 | D        | Killed a cane toad
  1777 | D        | Noticed a komodo dragon
  1778 | D        | Reached skill level 10 in Dodging
  1778 | D        | Reached XP level 10. HP: 72/72 MP: 10/10
  1786 | D        | Killed a cane toad
  1789 | D        | Killed a cane toad
  1794 | D        | Reached skill level 13 in Armour
  1809 | D        | Reached ****** piety under Cheibriados
  2332 | D        | Noticed a cane toad
  2332 | D        | Noticed a cane toad
  2334 | D        | Killed a cane toad
  2337 | D        | Noticed a boulder beetle
  2356 | D        | Killed a cane toad
  2357 | D        | Reached skill level 14 in Armour
  2362 | D        | Reached XP level 11. HP: 53/80 MP: 5/11
  2372 | D        | Killed a boulder beetle
  2851 | D        | Noticed a dire elephant
  2862 | D        | Reached skill level 1 in Invocations
  2873 | D        | Killed a dire elephant
  2874 | D        | Reached skill level 1 in Spellcasting
  2897 | D        | Reached skill level 15 in Armour
  2907 | D        | Reached skill level 15 in Fighting
  2907 | D        | Reached skill level 5 in Invocations
  3113 | D        | Noticed Sonja
  3113 | D        | Noticed Erolcha
  3135 | D        | Killed Sonja
  3139 | D        | Killed Erolcha
  3424 | D        | Noticed an orc knight
  3434 | D        | Killed an orc knight
  3482 | D        | Noticed an orc high priest
  3484 | D        | Noticed an orc knight
  3487 | D        | Killed an orc high priest
  3491 | D        | Killed an orc knight
  3499 | D        | Reached skill level 16 in Armour
  3511 | D        | Reached XP level 12. HP: 41/88 MP: 4/18
  3735 | D        | Found Osoirgh's Assorted Antiques.
  3746 | D        | Found Macaeh's Weapon Shoppe.
  3755 | D        | Reached skill level 5 in Spellcasting
  3785 | D        | Found Hevyaqut's Assorted Antiques.
  3791 | D        | Found Zosmay's Book Shoppe.
  3812 | D        | Bought Ozocubu's Autobiography for 312 gold pieces
  3812 | D        | Bought a book of Spectacle for 520 gold pieces
  4124 | D        | Noticed Gastronok
  4145 | D        | Killed Gastronok
  4146 | D        | Reached skill level 17 in Armour
  4146 | D        | Reached skill level 1 in Conjurations
  4146 | D        | Reached skill level 1 in Fire Magic
  4414 | D        | Noticed a tengu warrior
  4425 | D        | Reached skill level 1 in Shields
  4425 | D        | Noticed a frost giant
  4426 | D        | Reached skill level 15 in Maces & Flails
  4426 | D        | Killed a tengu warrior
  4429 | D        | Reached skill level 10 in Invocations
  4433 | D        | Killed a frost giant
  4433 | D        | Noticed a vampire mage
  4435 | D        | Noticed an ettin
  4435 | D        | Noticed a hell knight
  4436 | D        | Noticed a spark wasp
  4437 | D        | Noticed an ettin
  4442 | D        | Killed a vampire mage
  4447 | D        | Noticed a stone giant
  4448 | D        | Killed an ettin
  4456 | D        | Killed a hell knight
  4457 | D        | Reached XP level 13. HP: 87/95 MP: 6/22
  4465 | D        | Killed a spark wasp
  4482 | D        | Killed a stone giant
  4483 | D        | Reached skill level 5 in Shields
  4487 | D        | Killed an ettin
  5109 | D        | Noticed Saint Roka
  5130 | D        | Noticed Azrael
  5135 | D        | Killed Saint Roka
  5136 | D        | Reached skill level 18 in Armour
  5141 | D        | Killed from afar by Azrael

Illustrated notes

Levels and vault maps discovered:
D:        linesprint [early_d, line_temple, items_1, d_10, items_2, lair_1,
          lair_end, items_3, orc_1, orc_end, items_4, d_15, swamp_1, shoals_1,
          snake_1, spider_1, d_20, vaults_1, items_5, swamp_end, shoals_end,
          snake_end, spider_end, vaults_end, d_27, items_6, zot_1, zot_end,
          crypt_end, forest_end, elf_end, slime_end, tomb_end, abyss_end,
          pan_hell_end]

Skill      XL: |  1  2  3  4  5  6  7  8  9 10 11 12 13 |
---------------+----------------------------------------+-----
Armour         | 1 4 5 6 8 9 11 12 14 16 17 18 | 18.1
Fighting       | 3 5 6 8 10 11 12 14 15 16 | 16.6
Dodging        | 4 5 6 7 9 10 11 12 13 14 | 14.0
Maces & Flails | 5 6 8 9 10 11 13 14 15 | 15.5
Invocations    | 7 10 11 | 11.7
Spellcasting   | 4 6 |  6.9
Conjurations   | 3 4 |  4.9
Fire Magic     | 3 4 |  4.5
Shields        | 4 6 |  6.6
Throwing       | |  1.7

Action                     |  1- 3 |  4- 6 |  7- 9 | 10-12 | 13-15 || total
---------------------------+-------+-------+-------+-------+-------++-------
  Melee: Flail             |    27 |     6 |       |       |       ||    33
         Morningstar       |       |    22 |    69 |   272 |    48 ||   411
         Punch             |       |       |       |     3 |       ||     3
 Invoke: Slouch            |       |       |       |    15 |     9 ||    24
    Use: Potion            |     2 |       |     1 |     1 |     6 ||    10
 Armour: Leather armour    |    13 |     2 |       |       |       ||    15
         Plate armour      |       |     6 |    59 |    74 |     4 ||   143
  Dodge: Dodged            |    15 |    20 |    51 |   168 |    13 ||   267
  Block: Tower shield      |       |       |       |    19 |    23 ||    42
